 Dungeon Crawl Stone Soup version 0.26-a0-682-g294304f6e8 (webtiles) character file.

Game seed: 1428229994533552109

191 ringo67 the Chopper (level 5, -3/50 HPs)
             Began as a Naga Fighter on Oct 21, 2020.
             Killed from afar by Sigmund (9 damage)
             ... with a puff of flame
             ... on level 3 of the Dungeon.
             The game lasted 00:03:55 (2140 turns).

ringo67 the Chopper (Naga Fighter)                  Turns: 2140, Time: 00:03:56

Health: -3/50      AC:  9    Str: 20    XL:     5   Next: 70%
Magic:  5/5        EV:  3    Int:  8    God:
Gold:   120        SH:  9    Dex: 10    Spells: 4/4 levels left

rFire    . . .     SeeInvis +   a - +0 war axe
rCold    . . .     Faith    .   c - +0 kite shield
rNeg     . . .     Spirit   .   k - +0 chain mail
rPois    +         Reflect  .   h - +0 helmet
rElec    .         Harm     .   g - +0 cloak
rCorr    .         Rampage  .   (no gloves)
MR       .....                  (no barding)
Stlth    ..........             (no amulet)
HPRegen  0.16/turn              (no ring)
MPRegen  0.09/turn              (no ring)

@: short of breath, very slow
A: large, see invisible, deformed body, poison resistance, slowness 2, spit
poison 1, AC +1
a: Spit Poison


You were on level 3 of the Dungeon.
You visited 1 branch of the dungeon, and saw 3 of its levels.

You collected 120 gold pieces.

Inventory:

Hand Weapons
 a - a +0 war axe (weapon)
Armour
 b - a +0 scale mail
 c - a +0 kite shield (worn)
 g - a +0 cloak (worn)
 h - a +0 helmet (worn)
 k - a +0 chain mail (worn)
Scrolls
 e - 2 scrolls of remove curse
 f - a scroll of amnesia {unknown}
 i - a scroll of identify {unknown}
 j - a scroll of immolation {unknown}
 l - a scroll of noise {unknown}
 m - a scroll of teleportation {unknown}
Potions
 d - a potion of might


   Skills:
 + Level 3.8 Fighting
 * Level 3.9 Axes
 + Level 3.1 Armour
 + Level 3.1 Shields


You had 4 spell levels left.
You didn't know any spells.
Your spell library contained the following spells:

 Spells                   Type           Power        Failure   Level
 Magic Dart               Conj           #...         100%        1
 Blink                    Tloc           N/A          100%        2
 Call Imp                 Summ           #.......     100%        2
 Slow                     Hex            #.......     100%        2
 Conjure Flame            Conj/Fire      #.......     100%        3
 Mephitic Cloud           Conj/Pois/Air  #.......     100%        3


Dungeon Overview and Level Annotations

Branches:
Dungeon (3/15)

Altars:
Kikubaaqudgha
Okawaru
Uskayaw
Vehumet
Yredelemnul
The Shining One

Annotations:
D:3 Sigmund


Innate Abilities, Weirdness & Mutations

You cannot wear boots.
Your serpentine skin is tough. (AC +1)
You have supernaturally acute eyesight. (SInv)
Armour fits poorly on your strangely shaped body.
Your system is resistant to poisons. (rPois)
You cover ground very slowly.
You can spit poison.


Message History

Sigmund points at you and mumbles some strange words.
You resist with some effort.
You see here an adder corpse.
You barely miss Sigmund.
Sigmund is heavily wounded.
Sigmund hits you but does no damage.
You closely miss Sigmund.
Sigmund is heavily wounded.
Sigmund hits you but does no damage.
You hit Sigmund but do no damage.
Sigmund is heavily wounded.
You have got your breath back.
You block Sigmund's attack.
Press: ? - help, Shift-Dir - straight line, f/p - Sigmund
Aim: Sigmund, wielding a +1 scythe of freezing and wearing a +0 robe (heavily wounded)
The splash of poison hits Sigmund!
Sigmund is poisoned.
Sigmund is almost dead.
Sigmund gestures at you while chanting. The puff of flame hits you!
You die...

....# .....#####
.........#
.........# .
.........# ....
#(......# ......
#.......# ......
#.....)@######......
###...)@...........
#....[...........
#............#### .#
####.........# ..
#.........# ...
#.........#######..
#..$...............
#........†...[.....
########...........


You could see Sigmund (poisoned).

Vanquished Creatures
  Jessica (D:2)
  Terence (D:3)
  A worker ant zombie (D:3)
  4 adders
  2 worms (D:2)
  5 leopard geckos
  6 orcs (D:3)
  2 ball pythons
  A giant cockroach (D:3)
  4 goblins
  8 hobgoblins
  9 jackals
  7 kobolds
  A quokka (D:3)
  10 bats
  4 frilled lizards
  8 rats
74 creatures vanquished.

Notes
Turn   | Place    | Note
-------+----------+-------------------------------------------
     0 | D:1      | ringo67 the Naga Fighter began the quest for the Orb.
     0 | D:1      | Reached XP level 1. HP: 21/21 MP: 1/1
    82 | D:1      | Reached XP level 2. HP: 26/28 MP: 2/2
   562 | D:1      | Reached XP level 3. HP: 30/34 MP: 3/3
  1160 | D:2      | Found a hide-covered altar of Uskayaw.
  1385 | D:2      | Found a glowing golden altar of the Shining One.
  1386 | D:2      | Found a basalt altar of Yredelemnul.
  1387 | D:2      | Found a radiant altar of Vehumet.
  1387 | D:2      | Found an iron altar of Okawaru.
  1388 | D:2      | Found an ancient bone altar of Kikubaaqudgha.
  1411 | D:2      | Reached XP level 4. HP: 42/42 MP: 4/4
  1501 | D:2      | Noticed Jessica
  1505 | D:2      | Killed Jessica
  1724 | D:3      | Noticed Terence
  1747 | D:3      | Killed Terence
  1747 | D:3      | Reached XP level 5. HP: 34/50 MP: 5/5
  2116 | D:3      | Noticed Sigmund
  2140 | D:3      | Killed from afar by Sigmund

Illustrated notes

Levels and vault maps discovered:
D:1:      kennysheep_arrival_forest, layout_loops_ring, serial_park_tiny_pond
D:2:      layout_rooms, grunt_temple_overflow_open, uniq_jessica
D:3:      layout_basic, uniq_sigmund, uniq_terence

Skill      XL: |  1  2  3  4 |
---------------+-------------+-----
Axes           | 3 |  3.9
Armour         | 3 |  3.1
Shields        | 3 |  3.1
Fighting       | |  3.8

Action                   |  1- 3 |  4- 6 || total
-------------------------+-------+-------++-------
Melee: War axe           |   105 |   107 ||   212
 Abil: Spit Poison       |     6 |    11 ||    17
  Use: Scroll            |       |     1 ||     1
Armor: Scale mail        |    61 |    19 ||    80
       Chain mail        |       |    65 ||    65
Dodge: Dodged            |    25 |    31 ||    56
Block: Kite shield       |    57 |    80 ||   137

Table legend: (Time is in decaauts)
 A = Elapsed time spent in this place.
 B = Non-inter-level travel time spent in this place.
 C = Inter-level travel time spent in this place.
 D = Time resting spent in this place.
 E = Time spent auto-exploring this place.
 F = Levels seen in this place.
 G = Mean time per level.
                   A        B        C        D        E       F      G
               +--------+--------+--------+--------+--------+-----+--------+
         Total |   2607 |   2488 |    119 |    365 |   1580 |   3 |  869.0 |
       Dungeon |   2607 |   2488 |    119 |    365 |   1580 |   3 |  869.0 |
               +--------+--------+--------+--------+--------+-----+--------+

Top non-repeatable levels by time:
     D:1: 1459 daAuts
     D:2: 666 daAuts
     D:3: 481 daAuts
